 Dungeon Crawl Stone Soup version 0.25-a0-471-g78e40d7af6 (webtiles) character file.

Game seed: 8031681655261874874, levelgen mode: deterministic

113 Araneus the Cudgeler (level 4, 0/35 HPs)
             Began as a Demonspawn Fighter on Feb 6, 2020.
             Succumbed to a worker ant's poison
             ... on level 3 of the Dungeon.
             The game lasted 00:08:40 (2880 turns).

Araneus the Cudgeler (Demonspawn Fighter)           Turns: 2880, Time: 00:08:41

Health: 0/35       AC:  9    Str: 17    XL:     4   Next: 65%
Magic:  4/4        EV:  6    Int:  9    God:
Gold:   95         SH:  9    Dex: 15    Spells: 3/3 levels left

rFire    . . .     SeeInvis +   a - +0 flail
rCold    . . .     Gourm    .   c - +0 shield
rNeg     . . .     Faith    .   b - +0 scale mail
rPois    .         Spirit   .   n - +0 helmet
rElec    .         Reflect  .   (no cloak)
rCorr    .         Harm     .   (no gloves)
MR       .....                  (no boots)
Stlth    +.........             (no amulet)
HPRegen  0.11/turn              (no ring)
MPRegen  0.09/turn              (no ring)

@: lethally poisoned (0 -> -4)
A: thin metallic scales 1, see invisible, agile 1, nightstalker 1
a: no special abilities


You were on level 3 of the Dungeon.
You were not hungry.

You visited 1 branch of the dungeon, and saw 4 of its levels.

You collected 95 gold pieces.

Inventory:

Hand Weapons
 a - a +0 flail (weapon)
Missiles
 e - 16 bolts
 m - 3 curare-tipped darts (quivered)
Armour
 b - a +0 scale mail (worn)
 c - a +0 shield (worn)
 n - a +0 helmet (worn)
Jewellery
 o - an uncursed ring of magical power {unknown}
Scrolls
 g - a scroll of blinking {unknown}
 h - a scroll of enchant armour {unknown}
 j - 3 scrolls of identify {unknown}
 k - 2 scrolls of fear {unknown}
 l - 2 scrolls of remove curse {unknown}
Potions
 d - a potion of might
 p - a potion of haste {unknown}
 q - a potion of lignification {unknown}
 r - a potion of flight {unknown}
Comestibles
 f - 6 rations


   Skills:
 - Level 3.0 Fighting
 + Level 4.5 Maces & Flails
 - Level 2.6 Armour
 - Level 2.6 Shields


You had 3 spell levels left.
You didn't know any spells.
Your spell library was empty.

Dungeon Overview and Level Annotations

Branches:
Dungeon (4/15)
 Temple: D:4-7

Altars:
Ashenzari
Cheibriados
Gozag
Hepliaklqana
Ru
Sif Muna
Trog
Vehumet
Yredelemnul


Innate Abilities, Weirdness & Mutations

You are partially covered in thin metallic scales. (AC +2)
You are slightly more attuned to the shadows.
You have supernaturally acute eyesight. (SInv)
You are agile. (Dex +2)


Message History

* * * LOW HITPOINT WARNING * * *
You feel sick. You block the worker ant's attack.
You barely miss the worker ant.
The worker ant is severely wounded.
* * * LOW HITPOINT WARNING * * *
You feel sick. You block the worker ant's attack.
The worker ant barely misses you.
You closely miss the worker ant.
The worker ant is severely wounded.
The worker ant barely misses you.
* * * LOW HITPOINT WARNING * * *
You feel sick.
You see here a dagger.
You closely miss the worker ant.
The worker ant is severely wounded.
The worker ant barely misses you.
The worker ant bites you but does no damage.
You barely miss the worker ant.
The worker ant is severely wounded.
You die...

.........# #.#
......##.# #.#
.......#.## #.#
....##.#..## ###.####
######.##..###......#
#...#..........#
########.#####....>.#
..........# #......#
########### #..@a..#
########


You could see a worker ant.

Vanquished Creatures
  3 adders
  4 worms
  2 dart slugs
  4 leopard geckos
  4 orcs
  2 giant cockroaches
  6 goblins
  5 hobgoblins
  2 jackals (D:1)
  8 kobolds
  A quokka (D:4)
  9 bats
  6 frilled lizards
  A quokka zombie (D:3)
  8 rats
65 creatures vanquished.

Notes
Turn   | Place    | Note
-------+----------+-------------------------------------------
     0 | D:1      | Araneus the Demonspawn Fighter began the quest for the Orb.
     0 | D:1      | Reached XP level 1. HP: 18/18 MP: 1/1
    39 | D:1      | Reached skill level 2 in Maces & Flails
   241 | D:1      | Gained mutation: You are partially covered in thin metallic
                  | scales. (AC +2) [demonic ancestry]
   241 | D:1      | Reached XP level 2. HP: 20/24 MP: 2/2
   743 | D:2      | Found a basalt altar of Yredelemnul.
   904 | D:1      | Reached skill level 3 in Maces & Flails
  1102 | D:2      | Reached XP level 3. HP: 29/29 MP: 3/3
  1318 | D:2      | HP: 1/29 [worm (9)]
  1324 | D:2      | Gained mutation: You are agile. (Dex +2) [potion of
                  | mutation]
  1324 | D:2      | Gained mutation: You have supernaturally acute eyesight.
                  | (SInv) [potion of mutation]
  1788 | D:2      | Found a sacrificial altar of Ru.
  2201 | D:2      | Reached skill level 4 in Maces & Flails
  2201 | D:2      | Gained mutation: You are slightly more attuned to the
                  | shadows. [demonic ancestry]
  2201 | D:2      | Reached XP level 4. HP: 28/35 MP: 4/4
  2291 | D:3      | Found a hazy altar of Hepliaklqana.
  2292 | D:3      | Found a bloodstained altar of Trog.
  2296 | D:3      | Found a shimmering blue altar of Sif Muna.
  2298 | D:3      | Found a shattered altar of Ashenzari.
  2298 | D:3      | Found an opulent altar of Gozag.
  2298 | D:3      | Found a snail-covered altar of Cheibriados.
  2301 | D:3      | Found a radiant altar of Vehumet.
  2876 | D:3      | HP: 1/35 [poisoned by a worker ant]
  2880 | D:3      | Succumbed to a worker ant's poison

Levels and vault maps discovered:
D:1:      scummos_arrival_star, layout_basic, lemuel_another_geyser
D:2:      layout_basic, lemuel_crystal_altar, nicolae_overflow_hidden_temple
D:3:      layout_rooms, minitemple, first_ration
D:4:      layout_cave_pools, temple_fountains

Skill      XL: |  1  2  3 |
---------------+----------+-----
Maces & Flails | 2 3 4 |  4.5
Fighting       | |  3.0
Armour         | |  2.6
Shields        | |  2.6

Action                   |  1- 3 |  4- 6 || total
-------------------------+-------+-------++-------
Melee: Flail             |   170 |    72 ||   242
  Use: Potion            |     2 |       ||     2
  Eat: Chunk             |     4 |     3 ||     7
Armor: Scale mail        |    85 |    26 ||   111
Dodge: Dodged            |    39 |    18 ||    57
Block: Shield            |    87 |    36 ||   123

Table legend:
 A = Non-vault XP
 B = Vault XP
 C = Vault XP percentage of total XP
 D = Non-vault monster count
 E = Vault monster count
 F = Vault count percentage of total count
                 A         B        C        D         E       F
            +---------+---------+-------+---------+---------+-------
      Total |     162 |       0 |   0.0 |      65 |       0 |   0.0
            +---------+---------+-------+---------+---------+-------
        D:1 |      38 |       0 |   0.0 |      19 |       0 |   0.0
        D:2 |      61 |       0 |   0.0 |      28 |       0 |   0.0
        D:3 |      61 |       0 |   0.0 |      17 |       0 |   0.0
        D:4 |       2 |       0 |   0.0 |       1 |       0 |   0.0
            +---------+---------+-------+---------+---------+-------
